Predators vs Blackhawks
(R1)
Created - January 24, 2025 at 20:08
Goals
|
| Predators |
1 |
1 |
1 |
1 |
4 |
| Blackhawks |
1 |
2 |
0 |
0 |
3 |
|
Shots
|
| Predators |
10 |
9 |
7 |
1 |
27 |
| Blackhawks |
12 |
12 |
4 |
0 |
28 |
|
1st period
1. Predators , Jack Eichel 14 (Claude Giroux 11, Mikael Granlund 28) at 17:30
2. Blackhawks , Thomas Chabot 2 (Mikko Rantanen 28, Antoine Roussel 19) at 18:30 (PP)
Penalties :
Justin Faulk (Nas) for Cross-checking (Minor) at 8:18, Claude Giroux (Nas) for Cross-checking (Minor) at 13:21, Justin Faulk (Nas) for Unsportsmanlike conduct (Minor) at 18:16
2nd period
3. Blackhawks , Timo Meier 9 (Will Butcher 22, Jakob Chychrun 13) at 0:38
4. Blackhawks , Mike Amadio 8 (William Karlsson 7, Thomas Chabot 14) at 2:17
5. Predators , Andy Miele 10 (Marc Staal 5, Mark Pysyk 10) at 7:09
Penalties :
John Moore (Nas) for Tripping (Minor) at 3:30, Claude Giroux (Nas) for Slashing (Minor) at 7:55, Justin Faulk (Nas) for Interference (Minor) at 16:55
3rd period
6. Predators , Claude Giroux 14 (Mikael Granlund 29) at 14:11 (PP)
Penalties :
Will Butcher (Chi) for Tripping (Minor) at 0:03, John Moore (Nas) for Interference (Minor) at 2:41, Mike Amadio (Chi) for Cross-checking (Minor) at 6:22, Justin Faulk (Nas) for Interference (Minor) at 10:55, Derek Stepan (Chi) for Tripping (Minor) at 14:03
Overtime #1
7. Predators , Jack Eichel 15 (Claude Giroux 12, Justin Faulk 24) at 0:37
Penalties :
No Penalty
Goalie Stats
Andrei Vasilevskiy (Nas), 25 saves from 28 shots - (0.893), W, 16-6-1, 60:37 minutes
Cam Ward (Chi), 23 saves from 27 shots - (0.852), OTL, 13-6-3, 60:37 minutes
Players Stats for Predators
Player Name G A P +/- PIM S H SB GA TA FO MP PP MP PK MP
------------------------------------------------------------------------------------
Alexander Ovechkin 0 0 0 1 0 0 1 0 0 0 0/1 13:06 1:41 1:51
Andreas Englund 0 0 0 0 0 0 0 1 0 0 0/0 14:16 0:00 1:57
Andy Miele 1 0 1 1 0 1 1 1 0 0 7/17 16:30 0:00 7:36
Claude Giroux 1 2 3 1 4 2 1 0 0 0 1/4 18:31 2:25 1:35
Jack Eichel 2 0 2 1 0 8 2 0 1 0 12/24 17:33 2:25 0:33
Jaden Schwartz 0 0 0 0 0 2 1 0 2 0 0/0 17:10 0:00 4:35
Joel Armia 0 0 0 -1 0 0 2 0 2 0 0/0 6:16 0:00 0:00
John Moore 0 0 0 1 4 0 2 0 0 1 0/0 20:07 1:25 4:03
Justin Faulk 0 1 1 0 8 3 1 1 1 3 0/0 23:34 2:41 4:18
Marc Staal 0 1 1 0 0 0 1 0 0 4 0/0 14:09 0:00 4:12
Mark Pysyk 0 1 1 1 0 0 2 1 0 1 0/0 16:11 0:00 7:29
Markus Granlund 0 0 0 -1 0 1 1 0 0 0 0/1 11:25 0:00 4:35
Mikael Granlund 0 2 2 0 0 4 0 0 0 0 4/4 16:44 2:25 0:00
Nicolas Kerdiles 0 0 0 -1 0 0 1 0 0 1 0/0 5:59 0:00 0:00
Reilly Smith 0 0 0 0 0 2 1 0 0 0 0/0 13:25 1:41 0:00
Ryan Mcdonagh 0 0 0 -1 0 1 1 3 0 1 0/0 28:00 2:41 8:06
Scott Laughton 0 0 0 0 0 3 0 0 1 0 1/4 13:24 1:41 0:00
Travis Dermott 0 0 0 1 0 0 1 1 0 0 0/0 21:16 1:25 5:38
Players Stats for Blackhawks
Player Name G A P +/- PIM S H SB GA TA FO MP PP MP PK MP
------------------------------------------------------------------------------------
Adrian Kempe 0 0 0 0 0 0 0 0 1 0 0/0 17:33 5:57 0:57
Andrew Ladd 0 0 0 0 0 2 2 0 0 0 0/0 7:19 0:00 0:00
Antoine Roussel 0 1 1 -1 0 1 1 1 2 0 1/5 23:18 7:50 2:25
Dalton Prout 0 0 0 -1 0 1 0 2 0 1 0/0 11:59 0:00 0:00
Derek Stepan 0 0 0 -2 2 3 3 0 0 1 17/30 20:31 7:50 0:00
Erik Haula 0 0 0 0 0 2 2 0 1 0 4/10 19:04 5:57 2:25
Jakob Chychrun 0 1 1 1 0 1 1 2 1 1 0/0 23:12 5:32 1:19
Jakob Silfverberg 0 0 0 0 0 1 2 0 0 0 0/0 16:59 5:57 0:00
Joe Pavelski 0 0 0 0 0 0 1 1 0 0 0/0 7:39 0:20 0:00
Mike Amadio 1 0 1 1 2 3 1 1 0 0 1/1 12:10 0:20 0:30
Mikko Rantanen 0 1 1 -2 0 2 4 0 1 1 0/1 20:38 7:50 0:00
PK Subban 0 0 0 1 0 1 1 0 0 0 0/0 19:41 5:32 1:23
Robert Hagg 0 0 0 -1 0 0 0 3 0 2 0/0 14:20 0:00 2:43
Stefan Matteau 0 0 0 0 0 0 1 1 0 0 2/3 7:19 0:00 0:00
Thomas Chabot 1 1 2 0 0 5 1 0 3 1 0/0 23:47 8:35 1:23
Timo Meier 1 0 1 1 0 2 3 0 0 0 1/1 11:17 0:00 0:49
Will Butcher 0 1 1 -1 2 2 5 0 2 0 0/0 28:12 8:35 1:24
William Karlsson 0 1 1 1 0 2 1 0 0 0 4/4 12:44 0:20 1:06
3 Stars
1 - Jack Eichel (Nas)
2 - Claude Giroux (Nas)
3 - Timo Meier (Chi)
Power Play
Predators - 1 on 3 Attempt(s) - 33.33%
Blackhawks - 1 on 8 Attempt(s) - 12.50%
Penalty Kill
Predators - 7 on 8 Attempt(s) - 87.50%
- Score 0 goal in Penalty Kill
Blackhawks - 2 on 3 Attempt(s) - 66.67%
- Score 0 goal in Penalty Kill
Team Stat
Predators - Hits : 19 - Faceoff Wins : 25 - Blocked Shots : 8 - Penalty Minutes : 16
Blackhawks - Hits : 29 - Faceoff Wins : 30 - Blocked Shots : 11 - Penalty Minutes : 6
Official
Referees : Eric Furlatt and Steve Kozari
Linesman : Bryan Pancich and Brandon Gawryletz
Game Notes
No Game Note
Finance
Level 1 -- Attendance: 5643 (94.05%) -- Ticket Income $564,300
Level 2 -- Attendance: 5000 (100.00%) -- Ticket Income $350,000
Level 3 -- Attendance: 1796 (89.80%) -- Ticket Income $71,840
Level 4 -- Attendance: 4000 (100.00%) -- Ticket Income $120,000
Luxury Box -- Attendance: 987 (98.70%) -- Ticket Income $197,400
Game was played at the United Center.
Total Attendance: 17426 (96.81%)
Total Ticket Income: $1,303,540
Other Income: $195,531
Total Income: $1,499,071
Predators
5 vs 5 Forward
Center Left Wing Right Wing Time % Phy DF OF
1 Jack Eichel Claude Giroux Mikael Granlund 40 1 2 2
2 Scott Laughton Jaden Schwartz Reilly Smith 30 1 2 2
3 Andy Miele Alexander Ovechkin Mark Pysyk 20 1 2 2
4 Markus Granlund Nicolas Kerdiles Joel Armia 10 1 2 2
5 vs 5 Defense
Defense Defense Time % Phy DF OF
1 Ryan Mcdonagh Justin Faulk 40 1 2 2
2 John Moore Travis Dermott 30 1 2 2
3 Andreas Englund Marc Staal 20 1 2 2
4 Ryan Mcdonagh Justin Faulk 10 1 2 2
PowerPlay Forward
Center Left Wing Right Wing Time % Phy DF OF
1 Jack Eichel Claude Giroux Mikael Granlund 60 1 1 3
2 Scott Laughton Alexander Ovechkin Reilly Smith 40 1 1 3
PowerPlay Defense
Defense Defense Time % Phy DF OF
1 Ryan Mcdonagh Justin Faulk 60 1 2 2
2 John Moore Travis Dermott 40 1 2 2
Penalty Kill 4 Players Forward
Center Wing Time % Phy DF OF
1 Andy Miele Mark Pysyk 60 1 2 2
2 Markus Granlund Jaden Schwartz 40 1 2 2
Penalty Kill 4 Players Defense
Defense Defense Time % Phy DF OF
1 Ryan Mcdonagh Justin Faulk 60 1 3 1
2 John Moore Travis Dermott 40 1 3 1
Penalty Kill - 3 Players Forward
Forward Time % Phy DF OF
1 Mark Pysyk 60 1 3 1
2 Jaden Schwartz 40 1 3 1
Penalty Kill - 3 Players Defense
Defense Defense Time % Phy DF OF
1 Ryan Mcdonagh Justin Faulk 60 1 3 1
2 John Moore Andreas Englund 40 1 3 1
4 vs 4 Forward
Center Wing Time % Phy DF OF
1 Mikael Granlund Alexander Ovechkin 60 1 2 2
2 Jack Eichel Claude Giroux 40 1 2 2
4 vs 4 Defense
Defense Defense Time % Phy DF OF
1 Ryan Mcdonagh Justin Faulk 60 1 2 2
2 John Moore Travis Dermott 40 1 2 2
Last Minutes Offensive
Center Left Wing Right Wing Defense Defense
Jack Eichel Alexander Ovechkin Mikael Granlund Ryan Mcdonagh Justin Faulk
Last Minutes Defensive
Center Left Wing Right Wing Defense Defense
Andy Miele Claude Giroux Mark Pysyk Ryan Mcdonagh John Moore
Goaltenders
Starting : Andrei Vasilevskiy
Backup : Kari Lehtonen
Extra Forwards
Normal : Alexander Ovechkin, Mark Pysyk, Andy Miele - PP : Claude Giroux, Reilly Smith - PK : Claude Giroux
Extra Defensemen
Normal : Marc Staal, Andreas Englund, John Moore - PP : Marc Staal - PK : Marc Staal, John Moore
Penalty Shots
Mikael Granlund, Alexander Ovechkin, Jack Eichel, Claude Giroux, Ryan Mcdonagh
Custom OT Lines Forwards
Mikael Granlund, Alexander Ovechkin, Jack Eichel, Claude Giroux, Reilly Smith, Jaden Schwartz, Andy Miele, Mark Pysyk, Nicolas Kerdiles, Scott Laughton
Custom OT Lines Defensemen
Ryan Mcdonagh, Justin Faulk, John Moore, Travis Dermott, Marc Staal
Scratches
Morgan Rielly (Healthy)
Blackhawks
5 vs 5 Forward
Center Left Wing Right Wing Time % Phy DF OF
1 Derek Stepan Antoine Roussel Mikko Rantanen 40 1 2 2
2 Erik Haula Adrian Kempe Jakob Silfverberg 30 1 2 2
3 William Karlsson Timo Meier Mike Amadio 20 1 2 2
4 Stefan Matteau Andrew Ladd Joe Pavelski 10 1 2 2
5 vs 5 Defense
Defense Defense Time % Phy DF OF
1 Will Butcher Jakob Chychrun 40 1 2 2
2 PK Subban Thomas Chabot 30 1 2 2
3 Robert Hagg Dalton Prout 20 1 2 2
4 Will Butcher Thomas Chabot 10 1 2 2
PowerPlay Forward
Center Left Wing Right Wing Time % Phy DF OF
1 Derek Stepan Antoine Roussel Mikko Rantanen 60 1 2 2
2 Erik Haula Adrian Kempe Jakob Silfverberg 40 1 2 2
PowerPlay Defense
Defense Defense Time % Phy DF OF
1 Will Butcher Thomas Chabot 60 1 2 2
2 PK Subban Jakob Chychrun 40 1 2 2
Penalty Kill 4 Players Forward
Center Wing Time % Phy DF OF
1 Erik Haula Antoine Roussel 60 1 2 2
2 William Karlsson Mike Amadio 40 1 2 2
Penalty Kill 4 Players Defense
Defense Defense Time % Phy DF OF
1 Will Butcher Robert Hagg 60 1 2 2
2 PK Subban Thomas Chabot 40 1 2 2
Penalty Kill - 3 Players Forward
Forward Time % Phy DF OF
1 Erik Haula 60 1 2 2
2 William Karlsson 40 1 2 2
Penalty Kill - 3 Players Defense
Defense Defense Time % Phy DF OF
1 Will Butcher Robert Hagg 60 1 2 2
2 PK Subban Thomas Chabot 40 1 2 2
4 vs 4 Forward
Center Wing Time % Phy DF OF
1 Jakob Silfverberg Antoine Roussel 60 1 2 2
2 Derek Stepan Mikko Rantanen 40 1 2 2
4 vs 4 Defense
Defense Defense Time % Phy DF OF
1 Will Butcher Thomas Chabot 60 1 2 2
2 PK Subban Jakob Chychrun 40 1 2 2
Last Minutes Offensive
Center Left Wing Right Wing Defense Defense
Derek Stepan Antoine Roussel Mikko Rantanen Will Butcher Thomas Chabot
Last Minutes Defensive
Center Left Wing Right Wing Defense Defense
Derek Stepan Antoine Roussel Mikko Rantanen Will Butcher Thomas Chabot
Goaltenders
Starting : Cam Ward
Backup : Ilya Samsonov
Extra Forwards
Normal : Mike Amadio, William Karlsson, Timo Meier - PP : Mike Amadio, William Karlsson - PK : Timo Meier
Extra Defensemen
Normal : Robert Hagg, Jakob Chychrun, Dalton Prout - PP : Robert Hagg - PK : Jakob Chychrun, Dalton Prout
Penalty Shots
Jakob Silfverberg, Antoine Roussel, Derek Stepan, Mikko Rantanen, Erik Haula
Custom OT Lines Forwards
Jakob Silfverberg, Antoine Roussel, Derek Stepan, Mikko Rantanen, Erik Haula, Adrian Kempe, Mike Amadio, William Karlsson, Timo Meier, Joe Pavelski
Custom OT Lines Defensemen
Will Butcher, Jakob Chychrun, PK Subban, Thomas Chabot, Robert Hagg
Scratches
Radko Gudas (Healthy)
% Time on Ice - Predators
Lines # - Real PCT - Wanted PCT - Time Play
Normal Forward
1 - 34% - 40% - 14:14
2 - 31% - 30% - 13:06
3 - 20% - 20% - 8:28
4 - 14% - 10% - 5:59
Normal Defense
1 - 41% - 40% - 17:05
2 - 35% - 30% - 14:29
3 - 22% - 20% - 9:21
4 - 2% - 10% - 0:52
PP Forward
1 - 59% - 60% - 2:25
2 - 41% - 40% - 1:41
PP Defense
1 - 65% - 60% - 2:41
2 - 35% - 40% - 1:25
PK Forward
1 - 68% - 60% - 9:32
2 - 32% - 40% - 4:35
PK Defense
1 - 60% - 60% - 8:29
2 - 40% - 40% - 5:38
PK3 Forward
1 - 0% - 60%
2 - 0% - 40%
PK3 Defense
1 - 0% - 60%
2 - 0% - 40%
44 Forward
1 - 0% - 60%
2 - 0% - 40%
44 Defense
1 - 0% - 60%
2 - 0% - 40%
Last Minute Offensive - 0:00
Last Minute Defensive - 0:00
Total
Forward - 60:00
Defense - 60:00
|
% Time on Ice - Blackhawks
Lines # - Real PCT - Wanted PCT - Time Play
Normal Forward
1 - 31% - 40% - 12:54
2 - 27% - 30% - 11:14
3 - 25% - 20% - 10:20
4 - 18% - 10% - 7:19
Normal Defense
1 - 35% - 40% - 14:45
2 - 31% - 30% - 12:46
3 - 26% - 20% - 10:56
4 - 8% - 10% - 3:20
PP Forward
1 - 58% - 60% - 8:10
2 - 42% - 40% - 5:57
PP Defense
1 - 61% - 60% - 8:35
2 - 39% - 40% - 5:32
PK Forward
1 - 73% - 60% - 3:00
2 - 27% - 40% - 1:06
PK Defense
1 - 66% - 60% - 2:43
2 - 34% - 40% - 1:23
PK3 Forward
1 - 0% - 60%
2 - 0% - 40%
PK3 Defense
1 - 0% - 60%
2 - 0% - 40%
44 Forward
1 - 0% - 60%
2 - 0% - 40%
44 Defense
1 - 0% - 60%
2 - 0% - 40%
Last Minute Offensive - 0:00
Last Minute Defensive - 0:00
Total
Forward - 60:00
Defense - 60:00
|
Play-by-Play
1st period
0:01 of 1st period - Derek Stepan wins face-off versus Jack Eichel in neutral zone.
0:14 of 1st period - Wrist shot by Antoine Roussel.
0:14 of 1st period - Shot Misses the Net.
0:39 of 1st period - Erik Haula is hit by Reilly Smith and loses puck.
1:18 of 1st period - Wrist shot by Derek Stepan.
1:18 of 1st period - Stopped by Andrei Vasilevskiy with a rebound.
1:20 of 1st period - Snap shot by PK Subban.
1:20 of 1st period - Stopped by Andrei Vasilevskiy with a rebound.
1:22 of 1st period - Snap shot by Thomas Chabot.
1:22 of 1st period - Stopped by Andrei Vasilevskiy with a rebound.
1:34 of 1st period - Snap shot by Jack Eichel.
1:34 of 1st period - Stopped by Cam Ward with a rebound.
2:54 of 1st period - John Moore is hit by Andrew Ladd and loses puck.
3:01 of 1st period - Markus Granlund is hit by Stefan Matteau and loses puck.
3:28 of 1st period - Off-side.
3:29 of 1st period - Andy Miele wins face-off versus Derek Stepan in neutral zone.
4:07 of 1st period - Snap shot by Mikael Granlund.
4:07 of 1st period - Shot Misses the Net.
4:19 of 1st period - Snap shot by Jaden Schwartz.
4:19 of 1st period - Stopped by Cam Ward with a rebound.
4:47 of 1st period - Snap shot by Stefan Matteau.
4:47 of 1st period - Shot Misses the Net.
4:49 of 1st period - Snap shot by Andrew Ladd.
4:49 of 1st period - Stopped by Andrei Vasilevskiy without a rebound.
4:50 of 1st period - Jack Eichel wins face-off versus Antoine Roussel in Predators zone.
4:50 of 1st period - Jack Eichel is hit by Mikko Rantanen.
5:17 of 1st period - Off-side.
5:18 of 1st period - Scott Laughton wins face-off versus Erik Haula in neutral zone.
5:43 of 1st period - Scott Laughton is hit by Will Butcher and loses puck.
6:10 of 1st period - Andreas Englund is hit by Jakob Silfverberg and loses puck.
6:19 of 1st period - Slapshot by Erik Haula.
6:19 of 1st period - Stopped by Andrei Vasilevskiy with a rebound.
6:39 of 1st period - Snap shot by Reilly Smith.
6:39 of 1st period - Stopped by Cam Ward without a rebound.
6:40 of 1st period - Jack Eichel wins face-off versus Derek Stepan in Blackhawks zone.
6:49 of 1st period - Snap shot by Mikael Granlund.
6:49 of 1st period - Stopped by Cam Ward with a rebound.
6:57 of 1st period - Snap shot by Jack Eichel.
6:57 of 1st period - Stopped by Cam Ward with a rebound.
7:07 of 1st period - John Moore is hit by Timo Meier and loses puck.
8:02 of 1st period - Mikael Granlund is hit by Derek Stepan and loses puck.
8:06 of 1st period - Icing by Justin Faulk.
8:07 of 1st period - William Karlsson wins face-off versus Jack Eichel in Predators zone.
8:16 of 1st period - Slapshot by Jakob Chychrun.
8:16 of 1st period - Stopped by Andrei Vasilevskiy with a rebound.
8:18 of 1st period - Minor Penalty to Justin Faulk for Cross-checking.
8:19 of 1st period - Derek Stepan wins face-off versus Andy Miele in Predators zone.
8:40 of 1st period - Marc Staal is hit by Jakob Chychrun and loses puck.
9:19 of 1st period - John Moore is hit by Derek Stepan and loses puck.
10:18 of 1st period - Penalty to Justin Faulk is over, Justin Faulk is back on ice.
10:40 of 1st period - Wrist shot by Mikael Granlund.
10:40 of 1st period - Shot Blocked by Jakob Chychrun.
10:57 of 1st period - Icing by Andreas Englund.
10:58 of 1st period - Stefan Matteau wins face-off versus Scott Laughton in Predators zone.
11:27 of 1st period - Slapshot by Mikael Granlund.
11:27 of 1st period - Stopped by Cam Ward without a rebound.
11:28 of 1st period - Derek Stepan wins face-off versus Jack Eichel in Blackhawks zone.
11:35 of 1st period - Slapshot by Mikko Rantanen.
11:35 of 1st period - Deflect By Antoine Roussel.
11:35 of 1st period - Shot Blocked by Justin Faulk.
11:35 of 1st period - Puck is out of play.
11:36 of 1st period - Jack Eichel wins face-off versus Derek Stepan in Predators zone.
11:36 of 1st period - Jack Eichel is hit by Will Butcher.
12:52 of 1st period - Snap shot by Derek Stepan.
12:52 of 1st period - Stopped by Andrei Vasilevskiy without a rebound.
12:53 of 1st period - Jack Eichel wins face-off versus Derek Stepan in Predators zone.
13:00 of 1st period - Slapshot by Mikael Granlund.
13:00 of 1st period - Shot Misses the Net.
13:02 of 1st period - Slapshot by John Moore.
13:02 of 1st period - Deflect By Jack Eichel.
13:02 of 1st period - Stopped by Cam Ward without a rebound.
13:03 of 1st period - Jack Eichel wins face-off versus Derek Stepan in Blackhawks zone.
13:06 of 1st period - Snap shot by Mikael Granlund.
13:06 of 1st period - Shot Misses the Net.
13:14 of 1st period - Snap shot by Antoine Roussel.
13:14 of 1st period - Shot Misses the Net.
13:21 of 1st period - Minor Penalty to Claude Giroux for Cross-checking.
13:22 of 1st period - Derek Stepan wins face-off versus Andy Miele in Predators zone.
13:24 of 1st period - Slapshot by Derek Stepan.
13:24 of 1st period - Stopped by Andrei Vasilevskiy without a rebound.
13:25 of 1st period - Derek Stepan wins face-off versus Andy Miele in Predators zone.
14:08 of 1st period - Icing by Thomas Chabot.
14:09 of 1st period - Erik Haula wins face-off versus Andy Miele in Blackhawks zone.
15:21 of 1st period - Penalty to Claude Giroux is over, Claude Giroux is back on ice.
15:34 of 1st period - Timo Meier is hit by Marc Staal and loses puck.
16:15 of 1st period - Slapshot by Joel Armia.
16:15 of 1st period - Shot Blocked by Dalton Prout.
16:17 of 1st period - Slapshot by Andreas Englund.
16:17 of 1st period - Shot Blocked by Robert Hagg.
16:19 of 1st period - Slapshot by Marc Staal.
16:19 of 1st period - Shot Misses the Net.
16:21 of 1st period - Wrist shot by Joel Armia.
16:21 of 1st period - Shot Blocked by Robert Hagg.
16:23 of 1st period - Snap shot by Markus Granlund.
16:23 of 1st period - Stopped by Cam Ward with a rebound.
16:33 of 1st period - Mikael Granlund is hit by Mike Amadio.
16:50 of 1st period - Travis Dermott is hit by Derek Stepan and loses puck.
17:09 of 1st period - Slapshot by Thomas Chabot.
17:09 of 1st period - Shot Blocked by Ryan Mcdonagh.
17:11 of 1st period - Snap shot by Stefan Matteau.
17:11 of 1st period - Shot Misses the Net.
17:13 of 1st period - Wrist shot by Joe Pavelski.
17:13 of 1st period - Shot Misses the Net.
17:15 of 1st period - Slapshot by Andrew Ladd.
17:15 of 1st period - Stopped by Andrei Vasilevskiy without a rebound.
17:16 of 1st period - Derek Stepan wins face-off versus Jack Eichel in Predators zone.
17:24 of 1st period - Off-side.
17:25 of 1st period - Jack Eichel wins face-off versus Derek Stepan in neutral zone.
17:28 of 1st period - Wrist shot by Claude Giroux.
17:28 of 1st period - Shot Misses the Net.
17:30 of 1st period - Snap shot by Jack Eichel.
17:30 of 1st period - Goal by Jack Eichel - Predators : 1 - Blackhawks : 0.
17:31 of 1st period - Derek Stepan wins face-off versus Claude Giroux in neutral zone.
18:06 of 1st period - Snap shot by Adrian Kempe.
18:06 of 1st period - Shot Blocked by Andy Miele.
18:08 of 1st period - Wrist shot by Erik Haula.
18:08 of 1st period - Shot Blocked by Ryan Mcdonagh.
18:10 of 1st period - Wrist shot by Jakob Silfverberg.
18:10 of 1st period - Shot Misses the Net.
18:16 of 1st period - Minor Penalty to Justin Faulk for Unsportsmanlike conduct.
18:17 of 1st period - Derek Stepan wins face-off versus Andy Miele in Predators zone.
18:30 of 1st period - Slapshot by Thomas Chabot.
18:30 of 1st period - Goal by Thomas Chabot - Predators : 1 - Blackhawks : 1.
18:31 of 1st period - Derek Stepan wins face-off versus Jack Eichel in neutral zone.
18:48 of 1st period - Wrist shot by Jack Eichel.
18:48 of 1st period - Stopped by Cam Ward with a rebound.
19:22 of 1st period - Jaden Schwartz is hit by Timo Meier and loses puck.
19:35 of 1st period - Slapshot by Mike Amadio.
19:35 of 1st period - Deflect By John Moore.
19:35 of 1st period - Stopped by Andrei Vasilevskiy with a rebound.
19:47 of 1st period - Wrist shot by Thomas Chabot.
19:47 of 1st period - Stopped by Andrei Vasilevskiy without a rebound.
19:48 of 1st period - Stefan Matteau wins face-off versus Jack Eichel in Predators zone.
Goals for this period are 1 for Predators vs 1 for Blackhawks.
Shots for this period are 10 for Predators vs 12 for Blackhawks.
2nd period
0:01 of 2nd period - Jack Eichel wins face-off versus Derek Stepan in neutral zone.
0:03 of 2nd period - Off-side.
0:04 of 2nd period - Mikael Granlund wins face-off versus Derek Stepan in neutral zone.
0:18 of 2nd period - Wrist shot by Mikko Rantanen.
0:18 of 2nd period - Shot Misses the Net.
0:36 of 2nd period - Slapshot by Will Butcher.
0:36 of 2nd period - Stopped by Andrei Vasilevskiy with a rebound.
0:38 of 2nd period - Backhand shot by Will Butcher.
0:38 of 2nd period - Deflect By Timo Meier.
0:38 of 2nd period - Goal by Timo Meier - Predators : 1 - Blackhawks : 2.
0:39 of 2nd period - Derek Stepan wins face-off versus Scott Laughton in neutral zone.
0:52 of 2nd period - Jaden Schwartz is hit by Will Butcher and loses puck.
1:46 of 2nd period - Thomas Chabot is hit by Nicolas Kerdiles and loses puck.
2:17 of 2nd period - Wrist shot by Mike Amadio.
2:17 of 2nd period - Goal by Mike Amadio - Predators : 1 - Blackhawks : 3.
2:18 of 2nd period - Jack Eichel wins face-off versus Derek Stepan in neutral zone.
2:21 of 2nd period - Jakob Chychrun is hit by Jack Eichel.
3:11 of 2nd period - Andy Miele is hit by Andrew Ladd and loses puck.
3:30 of 2nd period - Minor Penalty to John Moore for Tripping.
3:31 of 2nd period - Andy Miele wins face-off versus Antoine Roussel in Predators zone.
3:58 of 2nd period - Justin Faulk is hit by Will Butcher and loses puck.
5:30 of 2nd period - Penalty to John Moore is over, John Moore is back on ice.
6:13 of 2nd period - Joe Pavelski is hit by Markus Granlund and loses puck.
6:30 of 2nd period - Jakob Chychrun is hit by John Moore and loses puck.
7:05 of 2nd period - Wrist shot by Mark Pysyk.
7:05 of 2nd period - Shot Misses the Net.
7:09 of 2nd period - Snap shot by Andy Miele.
7:09 of 2nd period - Goal by Andy Miele - Predators : 2 - Blackhawks : 3.
7:10 of 2nd period - Antoine Roussel wins face-off versus Claude Giroux in neutral zone.
7:32 of 2nd period - Icing by Mikael Granlund.
7:33 of 2nd period - Jack Eichel wins face-off versus Erik Haula in Predators zone.
7:55 of 2nd period - Minor Penalty to Claude Giroux for Slashing.
7:56 of 2nd period - Andy Miele wins face-off versus Derek Stepan in Predators zone.
8:10 of 2nd period - Justin Faulk is hit by Will Butcher and loses puck.
9:54 of 2nd period - Jakob Chychrun is hit by Justin Faulk and loses puck.
9:55 of 2nd period - Penalty to Claude Giroux is over, Claude Giroux is back on ice.
10:09 of 2nd period - Slapshot by Justin Faulk.
10:09 of 2nd period - Shot Blocked by Robert Hagg.
10:11 of 2nd period - Wrist shot by Reilly Smith.
10:11 of 2nd period - Shot Misses the Net.
10:13 of 2nd period - Wrist shot by Jaden Schwartz.
10:13 of 2nd period - Shot Blocked by Dalton Prout.
10:15 of 2nd period - Wrist shot by Scott Laughton.
10:15 of 2nd period - Stopped by Cam Ward without a rebound.
10:16 of 2nd period - William Karlsson wins face-off versus Scott Laughton in Blackhawks zone.
10:27 of 2nd period - Wrist shot by Scott Laughton.
10:27 of 2nd period - Stopped by Cam Ward without a rebound.
10:28 of 2nd period - Derek Stepan wins face-off versus Jack Eichel in Blackhawks zone.
11:39 of 2nd period - Andy Miele is hit by Joe Pavelski.
12:02 of 2nd period - Jack Eichel is hit by Antoine Roussel and loses puck.
12:38 of 2nd period - Scott Laughton is hit by Erik Haula and loses puck.
13:03 of 2nd period - Snap shot by Scott Laughton.
13:03 of 2nd period - Shot Blocked by Jakob Chychrun.
13:05 of 2nd period - Wrist shot by Reilly Smith.
13:05 of 2nd period - Stopped by Cam Ward with a rebound.
13:07 of 2nd period - Snap shot by Scott Laughton.
13:07 of 2nd period - Shot Misses the Net.
13:09 of 2nd period - Snap shot by Scott Laughton.
13:09 of 2nd period - Stopped by Cam Ward with a rebound.
13:11 of 2nd period - Slapshot by Ryan Mcdonagh.
13:11 of 2nd period - Shot Blocked by Stefan Matteau.
13:13 of 2nd period - Slapshot by Justin Faulk.
13:13 of 2nd period - Deflect By Joe Pavelski.
13:13 of 2nd period - Stopped by Cam Ward with a rebound.
13:15 of 2nd period - Slapshot by Justin Faulk.
13:15 of 2nd period - Stopped by Cam Ward with a rebound.
13:31 of 2nd period - Snap shot by Scott Laughton.
13:31 of 2nd period - Deflect By Reilly Smith.
13:31 of 2nd period - Shot Misses the Net.
13:31 of 2nd period - Puck is out of play.
13:32 of 2nd period - Jack Eichel wins face-off versus Derek Stepan in Blackhawks zone.
13:37 of 2nd period - Wrist shot by Mikael Granlund.
13:37 of 2nd period - Shot Misses the Net.
14:43 of 2nd period - Snap shot by Jack Eichel.
14:43 of 2nd period - Stopped by Cam Ward without a rebound.
14:44 of 2nd period - Mikael Granlund wins face-off versus Derek Stepan in Blackhawks zone.
15:11 of 2nd period - Alexander Ovechkin is hit by Jakob Silfverberg and loses puck.
16:00 of 2nd period - Snap shot by Mikael Granlund.
16:00 of 2nd period - Shot Misses the Net.
16:02 of 2nd period - Snap shot by Jack Eichel.
16:02 of 2nd period - Stopped by Cam Ward with a rebound.
16:18 of 2nd period - Snap shot by Mikko Rantanen.
16:18 of 2nd period - Stopped by Andrei Vasilevskiy with a rebound.
16:20 of 2nd period - Slapshot by Dalton Prout.
16:20 of 2nd period - Shot Misses the Net.
16:22 of 2nd period - Slapshot by Dalton Prout.
16:22 of 2nd period - Deflect By Justin Faulk.
16:22 of 2nd period - Stopped by Andrei Vasilevskiy with a rebound.
16:31 of 2nd period - Icing by Justin Faulk.
16:32 of 2nd period - Erik Haula wins face-off versus Andy Miele in Predators zone.
16:43 of 2nd period - Snap shot by Jakob Silfverberg.
16:43 of 2nd period - Stopped by Andrei Vasilevskiy with a rebound.
16:49 of 2nd period - Slapshot by Erik Haula.
16:49 of 2nd period - Stopped by Andrei Vasilevskiy with a rebound.
16:55 of 2nd period - Minor Penalty to Justin Faulk for Interference.
16:56 of 2nd period - Derek Stepan wins face-off versus Andy Miele in Predators zone.
17:06 of 2nd period - Icing by Derek Stepan.
17:07 of 2nd period - Derek Stepan wins face-off versus Andy Miele in Blackhawks zone.
17:44 of 2nd period - Snap shot by Mikko Rantanen.
17:44 of 2nd period - Stopped by Andrei Vasilevskiy with a rebound.
17:46 of 2nd period - Wrist shot by Mikko Rantanen.
17:46 of 2nd period - Shot Misses the Net.
17:48 of 2nd period - Slapshot by Thomas Chabot.
17:48 of 2nd period - Stopped by Andrei Vasilevskiy without a rebound.
17:49 of 2nd period - Andy Miele wins face-off versus Erik Haula in Predators zone.
17:49 of 2nd period - Andy Miele is hit by Erik Haula.
18:24 of 2nd period - Snap shot by Markus Granlund.
18:24 of 2nd period - Shot Misses the Net.
18:50 of 2nd period - Marc Staal is hit by Mikko Rantanen and loses puck.
18:55 of 2nd period - Penalty to Justin Faulk is over, Justin Faulk is back on ice.
19:21 of 2nd period - Slapshot by Thomas Chabot.
19:21 of 2nd period - Deflect By Mike Amadio.
19:21 of 2nd period - Stopped by Andrei Vasilevskiy with a rebound.
19:23 of 2nd period - Wrist shot by Mike Amadio.
19:23 of 2nd period - Shot Misses the Net.
19:25 of 2nd period - Snap shot by William Karlsson.
19:25 of 2nd period - Stopped by Andrei Vasilevskiy without a rebound.
19:26 of 2nd period - Mike Amadio wins face-off versus Jack Eichel in Predators zone.
19:27 of 2nd period - Slapshot by William Karlsson.
19:27 of 2nd period - Shot Blocked by Travis Dermott.
19:29 of 2nd period - Wrist shot by Timo Meier.
19:29 of 2nd period - Stopped by Andrei Vasilevskiy without a rebound.
19:30 of 2nd period - Mikael Granlund wins face-off versus Erik Haula in Predators zone.
Goals for this period are 1 for Predators vs 2 for Blackhawks.
Shots for this period are 9 for Predators vs 12 for Blackhawks.
3rd period
0:01 of 3rd period - Derek Stepan wins face-off versus Jack Eichel in neutral zone.
0:03 of 3rd period - Minor Penalty to Will Butcher for Tripping.
0:04 of 3rd period - Erik Haula wins face-off versus Jack Eichel in Blackhawks zone.
1:08 of 3rd period - Icing by Claude Giroux.
1:09 of 3rd period - Timo Meier wins face-off versus Jack Eichel in Predators zone.
2:03 of 3rd period - Penalty to Will Butcher is over, Will Butcher is back on ice.
2:16 of 3rd period - Will Butcher is hit by Joel Armia and loses puck.
2:20 of 3rd period - Icing by Thomas Chabot.
2:21 of 3rd period - William Karlsson wins face-off versus Andy Miele in Blackhawks zone.
2:21 of 3rd period - William Karlsson is hit by Ryan Mcdonagh.
2:37 of 3rd period - Snap shot by Will Butcher.
2:37 of 3rd period - Stopped by Andrei Vasilevskiy without a rebound.
2:38 of 3rd period - Jack Eichel wins face-off versus Antoine Roussel in Predators zone.
2:38 of 3rd period - Jack Eichel is hit by Mikko Rantanen.
2:41 of 3rd period - Minor Penalty to John Moore for Interference.
2:42 of 3rd period - Andy Miele wins face-off versus Mikko Rantanen in Predators zone.
2:50 of 3rd period - Slapshot by Thomas Chabot.
2:50 of 3rd period - Shot Blocked by Ryan Mcdonagh.
3:20 of 3rd period - Slapshot by Justin Faulk.
3:20 of 3rd period - Stopped by Cam Ward with a rebound.
3:28 of 3rd period - Snap shot by Antoine Roussel.
3:28 of 3rd period - Stopped by Andrei Vasilevskiy with a rebound.
3:44 of 3rd period - Slapshot by Adrian Kempe.
3:44 of 3rd period - Shot Blocked by Mark Pysyk.
3:46 of 3rd period - Slapshot by Erik Haula.
3:46 of 3rd period - Shot Misses the Net.
3:56 of 3rd period - Snap shot by Will Butcher.
3:56 of 3rd period - Shot Misses the Net.
4:34 of 3rd period - Slapshot by Mike Amadio.
4:34 of 3rd period - Shot Blocked by Andreas Englund.
4:36 of 3rd period - Slapshot by PK Subban.
4:36 of 3rd period - Shot Misses the Net.
4:41 of 3rd period - Penalty to John Moore is over, John Moore is back on ice.
5:45 of 3rd period - Icing by Travis Dermott.
5:46 of 3rd period - Andy Miele wins face-off versus Stefan Matteau in Predators zone.
6:13 of 3rd period - William Karlsson is hit by Claude Giroux and loses puck.
6:18 of 3rd period - Snap shot by Claude Giroux.
6:18 of 3rd period - Stopped by Cam Ward with a rebound.
6:20 of 3rd period - Snap shot by Jack Eichel.
6:20 of 3rd period - Shot Blocked by Mike Amadio.
6:22 of 3rd period - Minor Penalty to Mike Amadio for Cross-checking.
6:23 of 3rd period - Jack Eichel wins face-off versus Erik Haula in Blackhawks zone.
6:26 of 3rd period - Snap shot by Mikael Granlund.
6:26 of 3rd period - Stopped by Cam Ward with a rebound.
6:28 of 3rd period - Slapshot by Ryan Mcdonagh.
6:28 of 3rd period - Stopped by Cam Ward without a rebound.
6:29 of 3rd period - Erik Haula wins face-off versus Jack Eichel in Blackhawks zone.
6:46 of 3rd period - Wrist shot by Ryan Mcdonagh.
6:46 of 3rd period - Deflect By Mikael Granlund.
6:46 of 3rd period - Stopped by Cam Ward with a rebound.
7:28 of 3rd period - Scott Laughton is hit by PK Subban and loses puck.
8:22 of 3rd period - Penalty to Mike Amadio is over, Mike Amadio is back on ice.
9:09 of 3rd period - William Karlsson is hit by Joel Armia and loses puck.
9:28 of 3rd period - Andy Miele is hit by Thomas Chabot and loses puck.
9:43 of 3rd period - Slapshot by Thomas Chabot.
9:43 of 3rd period - Stopped by Andrei Vasilevskiy with a rebound.
9:45 of 3rd period - Slapshot by PK Subban.
9:45 of 3rd period - Shot Misses the Net.
10:31 of 3rd period - Joe Pavelski is hit by Alexander Ovechkin and loses puck.
10:55 of 3rd period - Minor Penalty to Justin Faulk for Interference.
10:56 of 3rd period - Andy Miele wins face-off versus Derek Stepan in Predators zone.
12:09 of 3rd period - Jakob Chychrun is hit by John Moore and loses puck.
12:42 of 3rd period - Antoine Roussel is hit by Mark Pysyk.
12:55 of 3rd period - Penalty to Justin Faulk is over, Justin Faulk is back on ice.
12:58 of 3rd period - Icing by Justin Faulk.
12:59 of 3rd period - William Karlsson wins face-off versus Markus Granlund in Predators zone.
13:36 of 3rd period - Slapshot by Mikael Granlund.
13:36 of 3rd period - Shot Misses the Net.
13:40 of 3rd period - Slapshot by Claude Giroux.
13:40 of 3rd period - Deflect By Jack Eichel.
13:40 of 3rd period - Shot Blocked by Joe Pavelski.
13:40 of 3rd period - Puck is out of play.
13:41 of 3rd period - Derek Stepan wins face-off versus Alexander Ovechkin in Blackhawks zone.
13:41 of 3rd period - Derek Stepan is hit by Andy Miele.
14:03 of 3rd period - Minor Penalty to Derek Stepan for Tripping.
14:04 of 3rd period - Claude Giroux wins face-off versus Erik Haula in Blackhawks zone.
14:11 of 3rd period - Wrist shot by Claude Giroux.
14:11 of 3rd period - Deflect By Erik Haula.
14:11 of 3rd period - Goal by Claude Giroux - Predators : 3 - Blackhawks : 3.
14:12 of 3rd period - Derek Stepan wins face-off versus Claude Giroux in neutral zone.
14:39 of 3rd period - Erik Haula is hit by Jaden Schwartz and loses puck.
14:50 of 3rd period - Slapshot by Jaden Schwartz.
14:50 of 3rd period - Stopped by Cam Ward without a rebound.
14:51 of 3rd period - Derek Stepan wins face-off versus Andy Miele in Blackhawks zone.
14:51 of 3rd period - Derek Stepan is hit by Travis Dermott.
15:03 of 3rd period - Wrist shot by Mikko Rantanen.
15:03 of 3rd period - Shot Misses the Net.
15:17 of 3rd period - John Moore is hit by Timo Meier and loses puck.
16:45 of 3rd period - Travis Dermott is hit by William Karlsson and loses puck.
16:52 of 3rd period - Timo Meier is hit by Jack Eichel and loses puck.
17:25 of 3rd period - Marc Staal is hit by Mikko Rantanen and loses puck.
17:56 of 3rd period - Joe Pavelski is hit by Mark Pysyk and loses puck.
19:29 of 3rd period - Wrist shot by William Karlsson.
19:29 of 3rd period - Stopped by Andrei Vasilevskiy with a rebound.
Goals for this period are 1 for Predators vs 0 for Blackhawks.
Shots for this period are 7 for Predators vs 4 for Blackhawks.
Overtime #1
0:01 of 1st overtime period - Mikael Granlund wins face-off versus Antoine Roussel in neutral zone.
0:16 of 1st overtime period - Wrist shot by Mikael Granlund.
0:16 of 1st overtime period - Shot Blocked by Antoine Roussel.
0:35 of 1st overtime period - Wrist shot by Claude Giroux.
0:35 of 1st overtime period - Shot Misses the Net.
0:37 of 1st overtime period - Snap shot by Jack Eichel.
0:37 of 1st overtime period - Goal by Jack Eichel - Predators : 4 - Blackhawks : 3.
Goals for this period are 1 for Predators vs 0 for Blackhawks.
Shots for this period are 1 for Predators vs 0 for Blackhawks.